 Dungeon Crawl Stone Soup version 0.30.0-19-g36f170ea60 (webtiles) character file.

Game seed: 1888982910196987162

15972 PoweredByGinger the Fighter (level 12, -14/126 HPs)
             Began as a Gargoyle Gladiator on May 27, 2023.
             Was a High Priest of Okawaru.
             Demolished by a freezing wraith (18 damage)
             ... on level 10 of the Dungeon on May 28, 2023.
             The game lasted 00:21:49 (13495 turns).

PoweredByGinger the Fighter (Gargoyle Gladiator)   Turns: 13495, Time: 00:21:50

Health: -14/126    AC: 30    Str: 20 (22) XL:     12   Next: 32%
Magic:  12/12      EV:  2    Int: 10      God:    Okawaru [*****.]
Gold:   716        SH:  0    Dex:  8 (11) Spells: 11/11 levels left

rFire   + . .        K - +2 battleaxe (flame)
rCold   . . .        (shield currently unavailable)
rNeg    + . .        C - melded +0 plate armour
rPois   ∞            J - melded +1 hat "Viub" {rElec rF+ Regen+ Int+3}
rElec   .            L - melded +2 cloak
rCorr   .            v - melded +0 pair of gloves
SInv    .            (boots currently unavailable)
Will    .....        (no amulet)
Stlth   +            p - +4 ring of protection
HPRegen 0.41/turn    i - ring of protection from fire
MPRegen 0.13/turn

%: no passive effects
@: tree-form, slowed, studying 2 skills, very slow
A: stationary, stasis, torment immunity, boosted hp, sickness immunity, AC +8,
negative energy resistance 1, (electricity resistance), torment resistance 1,
petrification resistance
a: Renounce Religion, Heroism, Finesse, Duel


You were on level 10 of the Dungeon.
You worshipped Okawaru.
Okawaru was extremely pleased with you.
You were a tree.
You visited 3 branches of the dungeon, and saw 13 of its levels.

You collected 1094 gold pieces.
You spent 378 gold pieces at shops.

Inventory:

Hand Weapons
 a - a +0 war axe of draining
 D - a +0 hand axe
 K - a +2 battleaxe of flaming (weapon)
Missiles
 d - 3 throwing nets (quivered)
 e - 6 javelins
 j - 17 boomerangs
 k - 27 poisoned darts
 E - 2 curare-tipped darts
 G - 4 silver javelins
Armour
 c - a +1 helmet
 v - a +0 pair of gloves (melded)
 y - a +0 scale mail of cold resistance
 C - a +0 plate armour (melded)
 J - the +1 hat "Viub" (melded) {rElec rF+ Regen+ Int+3}
   (Okawaru gifted it to you on level 1 of the Orcish Mines)

   Int:       It affects your intelligence (+3).
   rF:        It protects you from fire.
   rElec:     It insulates you from electricity.
   Regen:     It increases your rate of health regeneration.
 L - a +2 cloak (melded)
Jewellery
 g - a +6 ring of intelligence
 i - a ring of protection from fire (right branch)
 p - a +4 ring of protection (left branch)
 t - an amulet of magic regeneration
Wands
 b - a wand of digging (2)
 l - a wand of mindburst (12)
 o - a wand of acid (7)
 w - a wand of polymorph (23)
 B - a wand of flame (30)
Scrolls
 q - a scroll of magic mapping
 r - a scroll of silence {unknown}
 u - a scroll of noise
 x - 2 scrolls of teleportation {unknown}
 O - a scroll of fog {unknown}
Potions
 f - 3 potions of cancellation
 h - 4 potions of brilliance
 m - a potion of invisibility {unknown}
 n - 2 potions of attraction
 s - 3 potions of flight
 z - 2 potions of mutation
 A - 3 potions of might
 F - a potion of ambrosia {unknown}
 H - a potion of berserk rage
 I - 2 potions of degeneration
 M - a potion of lignification
 N - a potion of haste {unknown}
Miscellaneous
 P - a lightning rod (4/4)


   Skills:
 + Level 13.7 Fighting
 * Level 13.1 Axes
 - Level 1.7 Throwing
 + Level 11.0 Dodging


You had 11 spell levels left.
You didn't know any spells.
Your spell library contained the following spells:

 Spells                   Type           Power      Damage    Failure   Level
 Dazzling Flash           Conj/Hex       0%         N/A       75%         3
 Anguish                  Hex/Necr       0%         N/A       98%         4
 Cause Fear               Hex            0%         N/A       98%         4
 Passage of Golubria      Tloc           0%         N/A       98%         4
 Agony                    Necr           0%         N/A       100%        5
 Silence                  Hex/Air        0%         N/A       100%        5
 Yara's Violent Unravell  Hex/Tmut       0%         3d3       100%        5
 Enfeeble                 Hex            0%         N/A       100%        7
 Storm Form               Tmut/Air       0%         N/A       100%        7
 Maxwell's Capacitive Co  Air            0%         ∞         100%        8
 Tukima's Dance           Hex            Unusable   N/A       N/A         3
 Summon Lightning Spire   Summ/Air       Unusable   N/A       N/A         4

Dungeon Overview and Level Annotations

Branches:
Dungeon (10/15)            Temple (1/1) D:4             Orc (2/2) D:9
    Elf (0/3) Orc:2
   Lair: D:8-11

Altars:
Ashenzari
Cheibriados
Dithmenos
Elyvilon
Fedhas
Gozag
Hepliaklqana
Kikubaaqudgha
Makhleb
Nemelex Xobeh
Okawaru
Qazlal
Ru
Sif Muna
Trog
Uskayaw
Vehumet
Wu Jian
Xom
Yredelemnul
Zin
The Shining One

Shops:
D:1 *   Orc:2 (:[[

Annotations:
D:4 1 runed translucent door, Crazy Yiuf
D:5 1 runed translucent door, KittyFluff's ghost, amateur GrBe
Orc:2 2 transporters


Innate Abilities, Weirdness & Mutations

You are a tree.
Your roots penetrate the ground, keeping you stationary.
You cannot be teleported.
You are immune to unholy pain and torment.
Your maximum health is greatly increased.
Your equipment is partially melded.
You are immune to sickness and miasma.
((Your stone body is resilient. (AC +8)))
You are immune to poison.
You resist negative energy. (rN+)
((You are resistant to electric shocks. (rElec)))
You are resistant to unholy torment.
You are immune to petrification.


Message History

The freezing wraith is moderately damaged.
The freezing wraith hits you! The freezing wraith freezes you!
The freezing wraith barely misses you.
You slash the freezing wraith! You burn the freezing wraith.
The freezing wraith is severely damaged.
The freezing wraith hits you but does no damage.
The freezing wraith hits you! The freezing wraith drains your vigour!
You feel yourself slow down.
You hit the freezing wraith. You burn the freezing wraith.
The freezing wraith is severely damaged.
The freezing wraith barely misses you. The freezing wraith closely misses you.
The freezing wraith hits you! The freezing wraith freezes you!
The freezing wraith hits you but does no damage.
You are too injured to fight recklessly!
You are too injured to fight recklessly!
There's nothing to open nearby.
Unknown command.
Unknown command.
You hit the freezing wraith. You burn the freezing wraith.
The freezing wraith is severely damaged.
The freezing wraith hits you. The freezing wraith freezes you!
* * * LOW HITPOINT WARNING * * *
The freezing wraith hits you!
* * * LOW HITPOINT WARNING * * *
Unknown command.
Really quaff the potion of lignification?
You turn into a tree.
Your +2 cloak melds into your body.
The +1 hat "Viub" {rElec rF+ Regen+ Int+3} melds into your body.
Your +0 pair of gloves melds into your body.
Your +0 plate armour melds into your body.
Your roots penetrate the ground.
The freezing wraith hits you but does no damage.
The freezing wraith hits you.
* * * LOW HITPOINT WARNING * * *
The freezing wraith drains your vigour!
You feel as though you will be slow longer.
The freezing wraith hits you.
* * * LOW HITPOINT WARNING * * *
The freezing wraith freezes you!!
You die...

........ ....#..
#### .# ......
..... .#
....##......# .#
....##......# .#
...........#... .#
#W...#....#...
.###o .
#♣..........##
..... ...
#......##.....
..o.. ....
#......##.....
.....
.....#.............
...#.
#....######)...#...
...#
...................
...#
.......<...........
...#
...................
...#
########...####+###


You could see a freezing wraith.

Vanquished Creatures
  An ogre mage (D:10)
  A two-headed ogre (Orc:1)
  Urug (Orc:2)
  An orc high priest (Orc:1)
  Pikel (D:5)
  4 orc sorcerers
  A cyclops (D:9)
  Maurice (D:8)
  An unseen horror (D:8)
  3 trolls
  A hornet (D:9)
  Sigmund (D:5)
  5 yaks
  4 hogs (D:8)
  A human (D:8)
  A wyvern (D:6)
  2 steam dragons
  A warg (Orc:1)
  An acid dragon (D:10)
  25 orc warriors
  A sky beast (D:8)
  9 ogres
  7 centaurs
  3 lemures
  A phantom (D:7)
  4 kobold brigands (D:8)
  3 bullfrogs (D:8)
  2 gnoll sergeants
  4 wights (D:7)
  12 killer bees
  5 howler monkeys
  2 jellies (D:6)
  25 orc priests
  A gnoll bouda (D:6)
  6 hounds
  3 sleepcaps
  Ijyb (D:5)
  6 iguanas
  32 orc wizards
  11 gnolls
  10 adders
  2 shadow imps
  A white imp (D:7)
  An ufetubus (D:4)
  3 worms
  2 dart slugs
  64 orcs
  6 endoplasms
  4 giant cockroaches
  7 goblins
  4 hobgoblins
  16 kobolds
  4 quokkas
  4 ball pythons
  6 bats
  7 frilled lizards
  3 rats (D:2)
339 creatures vanquished.

Vanquished Creatures (others)
  An orc wizard (Orc:2)
  A kobold (D:8)
2 creatures vanquished.

Grand Total: 341 creatures vanquished

Notes
Turn   | Place    | Note
-------+----------+-------------------------------------------
     0 | D:1      | PoweredByGinger the Gargoyle Gladiator began the quest for
                  | the Orb.
     0 | D:1      | Reached XP level 1. HP: 12/12 MP: 1/1
   232 | D:1      | Found Wiyffaw's Assorted Antiques.
   300 | D:1      | Reached XP level 2. HP: 11/18 MP: 2/2
   981 | D:2      | Reached XP level 3. HP: 22/22 MP: 3/3
  1558 | D:3      | Reached XP level 4. HP: 19/28 MP: 4/4
  1869 | D:3      | Found a shimmering altar of Xom.
  1870 | D:3      | Found a shimmering altar of Xom.
  1870 | D:3      | Found a shimmering altar of Xom.
  1874 | D:3      | Found a shimmering altar of Xom.
  1874 | D:3      | Found a shimmering altar of Xom.
  1874 | D:3      | Found a shimmering altar of Xom.
  1875 | D:3      | Found a shimmering altar of Xom.
  2299 | D:3      | Found a burning altar of Makhleb.
  2299 | D:3      | Found a basalt altar of Yredelemnul.
  2299 | D:3      | Found a glowing golden altar of the Shining One.
  2299 | D:3      | Found a snail-covered altar of Cheibriados.
  2300 | D:3      | Found a hide-covered altar of Uskayaw.
  2301 | D:3      | Found a bloodstained altar of Trog.
  2304 | D:3      | Found a blossoming altar of Fedhas.
  2496 | D:4      | Reached XP level 5. HP: 32/32 MP: 5/5
  2504 | D:4      | Found a staircase to the Ecumenical Temple.
  2510 | Temple   | Entered the Ecumenical Temple
  2694 | Temple   | Became a worshipper of Warmaster Okawaru
  3085 | D:4      | Reached XP level 6. HP: 38/38 MP: 6/6
  3152 | D:4      | Found a runed translucent door.
  3153 | D:4      | Noticed Crazy Yiuf
  3545 | D:5      | Entered Level 5 of the Dungeon
  3738 | D:5      | Reached skill level 5 in Axes
  3782 | D:5      | Reached XP level 7. HP: 18/44 MP: 7/7
  3947 | D:5      | Noticed Pikel
  4076 | D:5      | Reached * piety under Okawaru
  4384 | D:5      | Noticed Sigmund
  4401 | D:5      | Killed Sigmund
  4476 | D:5      | Reached skill level 5 in Fighting
  4494 | D:5      | Killed Pikel
  4495 | D:5      | Reached XP level 8. HP: 48/51 MP: 8/8
  4529 | D:5      | Noticed Ijyb
  4540 | D:5      | Killed Ijyb
  4660 | D:5      | Found a runed translucent door.
  4660 | D:5      | Noticed KittyFluff's ghost (amateur GrBe)
  4680 | D:5      | Reached ** piety under Okawaru
  5629 | D:6      | Reached skill level 5 in Dodging
  5712 | D:6      | Found a sparkling altar of Nemelex Xobeh.
  5838 | D:7      | Noticed a wyvern
  5846 | D:6      | Killed a wyvern
  5977 | D:7      | Reached XP level 9. HP: 47/56 MP: 9/9
  6804 | D:7      | Found a broken altar of Ashenzari.
  6855 | D:7      | Identified 2 scrolls of acquirement
  6855 | D:7      | Acquired a manual of Dodging
  7214 | D:7      | Acquired a manual of Fighting
  7369 | D:7      | Reached *** piety under Okawaru
  7873 | D:8      | Reached XP level 10. HP: 46/65 MP: 10/10
  8051 | D:8      | Reached **** piety under Okawaru
  8269 | D:8      | Found a flagged portal.
  8353 | D:8      | Reached skill level 10 in Axes
  8500 | D:8      | Reached ***** piety under Okawaru
  8640 | D:8      | Reached skill level 10 in Fighting
  8735 | D:8      | Identified the +0 leather armour of Monekog {Dex-3 Slay+4}
  8952 | D:8      | Killed an unseen horror
  9049 | D:8      | Received a gift from Okawaru
  9288 | D:8      | Noticed Maurice
  9311 | D:8      | Killed Maurice
  9449 | D:9      | Reached XP level 11. HP: 73/73 MP: 11/11
  9612 | D:9      | Received a gift from Okawaru
  9708 | D:9      | Noticed a cyclops
  9719 | D:9      | Killed a cyclops
  9958 | D:9      | Found a staircase to the Orcish Mines.
 10086 | D:9      | Found a white marble altar of Elyvilon.
 10178 | Orc:1    | Entered Level 1 of the Orcish Mines
 10612 | Orc:1    | Identified the +1 hat "Viub" {rElec rF+ Regen+ Int+3}
                  | (Okawaru gifted it to you on level 1 of the Orcish Mines)
 10612 | Orc:1    | Received a gift from Okawaru
 10947 | Orc:2    | Entered Level 2 of the Orcish Mines
 10954 | Orc:2    | Noticed a two-headed ogre
 11002 | Orc:1    | Killed a two-headed ogre
 11078 | Orc:2    | Noticed an orc sorcerer
 11216 | Orc:1    | Killed an orc sorcerer
 11233 | Orc:2    | Noticed an orc sorcerer
 11240 | Orc:2    | Noticed an orc sorcerer
 11253 | Orc:1    | Killed an orc sorcerer
 11254 | Orc:1    | Reached skill level 10 in Dodging
 11272 | Orc:1    | Killed an orc sorcerer
 11384 | Orc:2    | Noticed an orc high priest
 11876 | Orc:2    | Noticed an orc sorcerer
 11887 | Orc:1    | Killed an orc high priest
 12023 | Orc:2    | Noticed a sun demon
 12055 | Orc:2    | Killed an orc sorcerer
 12056 | Orc:2    | Reached XP level 12. HP: 58/84 MP: 12/12
 12265 | Orc:2    | Noticed a stone giant
 12266 | Orc:2    | Found a transporter.
 12286 | Orc:2    | Noticed a two-headed ogre
 12289 | Orc:2    | Found a bloodstained altar of Trog.
 12302 | Orc:2    | Found a transporter.
 12313 | Orc:2    | Noticed Urug
 12325 | Orc:2    | Killed Urug
 12338 | Orc:2    | Noticed a two-headed ogre
 12365 | Orc:2    | Noticed a two-headed ogre
 12668 | Orc:2    | Found a staircase to the Elven Halls.
 12690 | Orc:2    | Found Ubaen's Antique Armour Shoppe.
 12690 | Orc:2    | Found Sorgh's Armour Shoppe.
 12691 | Orc:2    | Found Plog's Antique Weapon Emporium.
 12695 | Orc:2    | Found Busuyphepo's Book Emporium.
 12709 | Orc:2    | Bought a glowing cloak for 180 gold pieces
 12907 | D:1      | Bought 2 potions of lignification for 120 gold pieces
 12907 | D:1      | Bought a fuming orange potion for 18 gold pieces
 12907 | D:1      | Bought a scroll labelled QYJOFAGGUTOJ for 20 gold pieces
 12907 | D:1      | Bought a scroll of identify for 40 gold pieces
 13085 | D:10     | Entered Level 10 of the Dungeon
 13426 | D:10     | Noticed an ogre mage
 13433 | D:10     | Paralysed by something for 5 turns
 13442 | D:10     | Killed an ogre mage
 13495 | D:10     | HP: 4/126 [freezing wraith (5)]
 13495 | D:10     | Demolished by a freezing wraith

Illustrated notes

Levels and vault maps discovered:
D:1:      amcnicky_arrival_feature_with_door, layout_loops_ring, serial_shops,
          shop
D:2:      layout_loops_ring, kennysheep_generic_room_3
D:3:      layout_loops_ring, xom_redecorated, minitemple
D:4:      layout_gridville, minmay_temple_entry_ruins, serial_bayou_pond_c,
          uniq_crazy_yiuf_cottage
D:5:      layout_rooms, gammafunk_ghost_grave, uniq_sigmund, uniq_pikel,
          uniq_ijyb
D:6:      layout_basic, mainiacjoe_overflow_paths, minmay_lizard_king
D:7:      layout_basic, nicolae_ashenzari_skybound
D:8:      layout_gridville, special_room [special_room_orc], enter_bailey_8,
          grunt_livestock, minmay_bent, uniq_maurice
D:9:      layout_rooms, kennysheep_mini_moat, orc_0_dummy
D:10:     minmay_cut_squares, layout_grid_maze, billiards_dpeg
Temple:   chequers_temple_sunken
Orc:1:    layout_caves, serial_shops, shop_statue
Orc:2:    st_orc_mages, layout_caves, gammafunk_ghost_wrathful_warriors,
          uniq_urug

Skill      XL: |  1  2  3  4  5  6  7  8  9 10 11 12 |
---------------+-------------------------------------+-----
Axes           | 3 4 5 6 7 9 11 12 13 | 13.1
Fighting       | 3 4 5 6 8 10 13 | 13.7
Dodging        | 3 4 5 6 8 10 11 | 11.0
Throwing       | |  1.7

Action                     |  1- 3 |  4- 6 |  7- 9 | 10-12 || total
---------------------------+-------+-------+-------+-------++-------
  Melee: War axe           |    97 |   174 |   328 |   416 ||  1015
         Punch             |       |     1 |     6 |     1 ||     8
         Battleaxe         |       |       |       |   133 ||   133
  Throw: Throwing net      |       |     2 |     2 |     1 ||     5
    Use: Scroll            |       |     4 |    14 |     1 ||    19
         Potion            |       |       |     4 |     4 ||     8
   Stab: Held in net/web   |       |     1 |     1 |       ||     2
 Armour: Leather armour    |    46 |    21 |       |       ||    67
         Scale mail        |       |    98 |   257 |   204 ||   559
         Plate armour      |       |       |       |   246 ||   246
         Skin              |       |       |       |    15 ||    15
  Dodge: Dodged            |    61 |   115 |   236 |   366 ||   778
